 Dungeon Crawl Stone Soup version 0.31.0-12-g77e489cdc1 (webtiles) character file.

Game seed: 10097664972678549955

382 Kallu the Conjurer (level 6, -1/48 HPs)
             Began as a Draconian Conjurer on Feb 16, 2024.
             Slain by Pikel
             ... wielding a +1 whip of electrocution
              (10 damage)
             ... on level 3 of the Dungeon.
             The game lasted 00:06:36 (4775 turns).

Kallu the Conjurer (Draconian Conjurer)             Turns: 4775, Time: 00:06:37

Health: -1/48      AC:  6    Str:  9    XL:     6   Next: 47%
Magic:  3/12       EV: 12    Int: 20    God:
Gold:   176        SH:  0    Dex: 10    Spells: 6/13 levels left

rFire   . . .        a - +0 lajatang (pain)
rCold   . . .        (shield currently unavailable)
rNeg    . . .        (body armour unavailable)
rPois   .            (helmet restricted)
rElec   .            (no cloak)
rCorr   .            (no gloves)
SInv    .            (no boots)
Will    .....        (no amulet)
Stlth   ++           (no ring)
HPRegen 0.28/turn    (no ring)
MPRegen 0.13/turn

%: no passive effects
@: no status effects
A: AC +6, unfitting armour, cold-blooded
a: no special abilities


You were on level 3 of the Dungeon.
You visited 1 branch of the dungeon, and saw 4 of its levels.
You also visited: Sewer.

You collected 176 gold pieces.

Inventory:

Hand Weapons
 a - a +0 lajatang of pain (weapon)
Missiles
 f - 6 atropa-tipped darts
 t - 14 poisoned darts
 v - 2 curare-tipped darts
Jewellery
 h - a +6 ring of dexterity
 m - a +5 ring of evasion
 n - a ring of ice
 r - a +5 ring of evasion
Scrolls
 b - 4 scrolls of identify {unknown}
 c - 3 scrolls of teleportation
 d - 3 scrolls of torment {unknown}
 i - 2 scrolls of blinking {unknown}
 j - a scroll of fog {unknown}
 l - a scroll of enchant weapon {unknown}
 q - 2 scrolls of noise {unknown}
 s - a scroll of poison {unknown}
Potions
 e - a potion of enlightenment {unknown}
 g - a potion of curing {unknown}
 k - 2 potions of mutation {unknown}
 o - a potion of lignification {unknown}
 u - a potion of haste {unknown}


   Skills:
 + Level 2.2 Fighting
 - Level 1.7 Dodging
 - Level 1.7 Stealth
 - Level 4.0 Spellcasting
 - Level 6.0 Conjurations
 - Level 2.0 Necromancy


You had 6 spell levels left.
You knew the following spells:

 Your Spells              Type           Power      Damage    Failure   Level
a - Magic Dart            Conj           100%       1d8       1%          1
b - Searing Ray           Conj           56%        2d6       1%          2
c - Fulminant Prism       Conj/Alch      8%         3d7       36%         4

Your spell library contained the following spells:

 Spells                   Type           Power      Damage    Failure   Level
 Iskenderun's Mystic Bla  Conj/Tloc      16%        2d5       36%         4


Dungeon Overview and Level Annotations

Branches:
Dungeon (4/15)              Sewer (visited)
 Temple: D:4-7

Altars:
Cheibriados
Nemelex Xobeh
Ru

Shops:
D:1 (

Annotations:
D:3 Pikel
D:4 Blork the orc


Innate Abilities, Weirdness & Mutations

Your plain brown scales are hard. (AC +6)
You cannot fit into any form of body armour.
You are cold-blooded and may be slowed by cold attacks.


Message History

Press: ? - help, Shift-Dir - straight line The searing ray hits Pikel.
Pikel is heavily wounded. (Press . to maintain the ray.) Pikel hits you with a +1 whip of electrocution.
Unknown command.
The searing ray hits Pikel.
Pikel is heavily wounded.
Pikel hits you with a +1 whip of electrocution!
The searing ray hits Pikel.
Pikel is heavily wounded.
Pikel hits you with a +1 whip of electrocution.
The searing ray hits Pikel!
Pikel is severely wounded.
You finish channelling your searing ray.
Pikel hits you but does no damage.
Casting: Searing Ray (safe; 1% risk of failure)
Confirm with . or Enter, or press ? or * to list all spells.
Aiming: Searing Ray (safe; 1% risk of failure)
Press: ? - help, Shift-Dir - straight line The searing ray hits Pikel.
Pikel is almost dead. (Press . to maintain the ray.) Pikel hits you with a +1 whip of electrocution.
* * * LOW HITPOINT WARNING * * *
The searing ray hits Pikel.
Pikel is almost dead.
Pikel hits you with a +1 whip of electrocution.
* * * LOW HITPOINT WARNING * * *
Unknown command.
The searing ray misses Pikel.
Pikel hits you with a +1 whip of electrocution.
* * * LOW HITPOINT WARNING * * *
Unknown command.
The searing ray hits Pikel.
Pikel is almost dead.
You finish channelling your searing ray.
Pikel hits you with a +1 whip of electrocution!
You die...
Pikel says, "See you in Hell!"

....#.####.########.##########.##
....#.# #.# #..............
....#.# #.# #.##########.##
....#.# #.# #.#.......##.##
......# #.# #.#.#####.##.#.
##'##.# #.# #.#..........#.
##.#######.########.#######.#..#.
...........................>#....
########........@...#######.##.#.
#<'........K...# #.##.#.
###............# #..#.#. ######
#............#######..#.#. .....#
#............#........#.#.
.....###########.####.#####..#.#.
........K.....##.# #.#####.##.#.
.....########.##.####.##.......#<
.....# #..#......##.##.#####


You could see Pikel.

Vanquished Creatures
  Pargi (Sewer)
  A kobold brigand (Sewer)
  A brain worm (Sewer)
  A bombardier beetle (D:3)
  A gnoll (D:1)
  2 adders
  5 dart slugs
  An orc (D:3)
  An endoplasm (D:3)
  3 giant cockroaches
  9 goblins
  5 hobgoblins
  6 jackals
  6 quokkas
  7 ball pythons
  7 bats
  A frilled lizard (D:2)
  10 kobolds
  6 rats
74 creatures vanquished.

Vanquished Creatures (others)
  2 fulminant prisms
2 creatures vanquished.

Grand Total: 76 creatures vanquished

Notes
Turn   | Place    | Note
-------+----------+-------------------------------------------
     0 | D:1      | Kallu the Draconian Conjurer began the quest for the Orb.
     0 | D:1      | Reached XP level 1. HP: 14/14 MP: 3/3
   197 | D:1      | Reached XP level 2. HP: 20/20 MP: 0/5
   655 | D:1      | Found Lutuemn's Weapon Emporium.
   695 | D:1      | Reached XP level 3. HP: 16/26 MP: 2/7
   698 | D:1      | Learned a level 2 spell: Searing Ray
  1799 | D:2      | Found a sacrificial altar of Ru.
  2043 | D:3      | Reached XP level 4. HP: 33/33 MP: 8/10
  2777 | D:3      | Learned a level 4 spell: Fulminant Prism
  3306 | D:4      | Found a sparkling altar of Nemelex Xobeh.
  3394 | D:4      | Reached XP level 5. HP: 38/38 MP: 5/11
  3405 | D:4      | Found a glowing drain.
  3414 | Sewer    | Entered a sewer
  3414 | Sewer    | Noticed Pargi
  3426 | Sewer    | Killed Pargi
  3427 | Sewer    | Reached skill level 5 in Conjurations
  3729 | Sewer    | Reached skill level 6 in Conjurations
  3729 | Sewer    | Reached XP level 6. HP: 43/45 MP: 6/12
  4051 | D:4      | Found a snail-covered altar of Cheibriados.
  4089 | D:4      | Found the +2 ratskin cloak {*Rats rPois rN+ Str-1 Int-1
                  | Dex+1}
  4142 | D:4      | Noticed Blork the orc
  4143 | D:4      | Noticed Pikel
  4775 | D:3      | Slain by Pikel

Illustrated notes

Levels and vault maps discovered:
D:1:      dpeg_arrival_arbitrary_b, layout_basic, serial_shops,
          nicolae_shop_bloodbath_and_beyond, nicolae_grassy_gnolls
D:2:      layout_basic, basic_altar
D:3:      layout_basic, roderic_lattice_a
D:4:      layout_basic, kennysheep_mini_moat, tso_oasis_becter,
          mainiacjoe_overflow_small_starburst, portal_sewer_entry_d,
          fountainhead, corexii_shack, uniq_blork_the_orc, uniq_pikel

Skill      XL: |  1  2  3  4  5  6 |
---------------+-------------------+-----
Spellcasting   | 3 4 |  4.0
Conjurations   | 6 |  6.0
Necromancy     | 2 |  2.0
Fighting       | 2 |  2.2
Dodging        | |  1.7
Stealth        | |  1.7

Action                     |  1- 3 |  4- 6 || total
---------------------------+-------+-------++-------
  Melee: Unarmed           |    25 |       ||    25
         Tailslap          |     1 |     1 ||     2
         Lajatang          |       |    21 ||    21
   Cast: Magic Dart        |    63 |    30 ||    93
         Searing Ray       |     2 |    13 ||    15
         Fulminant Prism   |       |     2 ||     2
    Use: Scroll            |       |     1 ||     1
         Potion            |       |     1 ||     1
   Stab: Sleeping          |     1 |     1 ||     2
 Armour: Skin              |    16 |    33 ||    49
  Dodge: Dodged            |    17 |    23 ||    40
